 Dungeon Crawl Stone Soup version 0.28-a0-1447-ga5a8893891 (webtiles) character file.

Game seed: 15075843399150586278

684 ytrimaz the Insei (level 7, -1/43 HPs)
             Began as an Octopode Transmuter on Jan 11, 2022.
             Was an Initiate of Ashenzari.
             Slain by a phantom (9 damage)
             ... on level 6 of the Dungeon.
             The game lasted 00:07:39 (7204 turns).

ytrimaz the Insei (Octopode Transmuter)             Turns: 7204, Time: 00:07:39

Health: -1/43      AC:  2    Str:  9    XL:     7   Next: 62%
Magic:  7/12       EV: 19    Int: 17    God:    Ashenzari [......]
Gold:   262        SH:  0    Dex: 18    Spells: 6/12 levels left

rFire   . . .      SeeInvis .     - Unarmed
rCold   + . .      Faith    .   (shield currently unavailable)
rNeg    . . .      Spirit   .   (helmet currently unavailable)
rPois   x          Reflect  .   (no amulet)
rElec   .          Harm     .   a - ring of protection from cold
rCorr   .          Rampage  .   (no ring)
Will    .....                   (no ring)
Stlth   +++.......              (no ring)
HPRegen 0.14/turn               (no ring)
MPRegen 0.13/turn               (no ring)
                                (no ring)
                                (no ring)

@: spider-form (expiring), wereblooded, very slightly contaminated
A: venomous fangs, almost no armour, (amphibious), 8 rings, tiny, (camouflage
1), (gelatinous body 1), (nimble swimmer 1), (tentacles)
a: End Transformation, Renounce Religion, Curse Item


You were on level 6 of the Dungeon.
You worshipped Ashenzari.
Ashenzari was noncommittal.
You were a venomous arachnid creature.
You visited 2 branches of the dungeon, and saw 7 of its levels.

You collected 262 gold pieces.

Inventory:

Jewellery
 a - a ring of protection from cold (left front leg)
Scrolls
 b - a scroll of enchant armour
 f - 2 scrolls of enchant weapon
Potions
 e - a potion of attraction
 h - a potion of curing


   Skills:
 - Level 1.0 Fighting
 - Level 2.0 Dodging
 * Level 4.5 Stealth
 * Level 6.2 Unarmed Combat
 + Level 3.4 Spellcasting
 + Level 3.2 Transmutations
 * Level 2.8 Poison Magic


You had 6 spell levels left.
You knew the following spells:

 Your Spells              Type           Power      Damage    Failure   Level
a - Beastly Appendage     Tmut           28%        N/A       13%         1
b - Wereblood             Tmut           14%        N/A       19%         2
c - Spider Form           Tmut/Pois      13%        N/A       32%         3

Your spell library contained the following spells:

 Spells                   Type           Power      Damage    Failure   Level
 Passwall                 Tmut/Erth      6%         N/A       30%         2
 Sandblast                Erth           4%         2d4       36%         1
 Ensorcelled Hibernation  Hex/Ice        4%         N/A       47%         2
 Call Canine Familiar     Summ           2%         N/A       67%         3
 Ozocubu's Armour         Ice            2%         N/A       67%         3
 Swiftness                Air            2%         N/A       67%         3
 Ice Form                 Ice/Tmut       8%         N/A       83%         4
 Summon Lightning Spire   Summ/Air       2%         N/A       95%         4
 Ozocubu's Refrigeration  Ice            1%         4d5       100%        7
 Dragon's Call            Summ           1%         N/A       100%        9


Dungeon Overview and Level Annotations

Branches:
Dungeon (6/15)             Temple (1/1) D:5

Altars:
Ashenzari
Cheibriados
Dithmenos
Elyvilon
Fedhas
Gozag
Hepliaklqana
Kikubaaqudgha
Makhleb
Nemelex Xobeh
Okawaru
Qazlal
Ru
Sif Muna
Trog
Uskayaw
Wu Jian
Xom
Yredelemnul
Zin
The Shining One

Shops:
D:2 :   D:4 (

Annotations:
D:6 Menkaure


Innate Abilities, Weirdness & Mutations

You are a venomous arachnid creature.
You have poisonous fangs.
You are tiny and dextrous.
Your spellcasting is less reliable in this form.
Your armour is entirely melded.
You are incapable of wielding weapons or throwing items.
You cannot wear most types of armour.
((You are amphibious.))
You can wear up to eight rings at the same time.
((Your skin changes colour to match your surroundings (Stealth+).))
((Your rubbery body absorbs attacks. (AC +1, EV +1)))
((You are camouflaged when in or above water. (Stealth+)))
((You have tentacles for arms and can constrict up to eight enemies at once.))


Message History

The iguana is almost dead.
Your transformation is almost over.
The iguana misses you. The phantom barely misses you.
You hit the iguana but do no damage.
The iguana looks as sick as possible!
The iguana is almost dead.
You feel a bit better.
You kill the iguana!
The phantom completely misses you.
You barely miss the phantom.
The phantom is heavily damaged.
You barely miss the phantom.
The phantom is heavily damaged.
The phantom misses you.
You bite the phantom!
The phantom is severely damaged.
The phantom hits you!
The phantom blinks!
You blink.
The kobold brigand shouts!
You hit the jelly.
The jelly is poisoned.
Your front legs burn!
The jelly is lightly wounded.
The jelly completely misses you. The phantom closely misses you.
You hit the jelly.
The jelly looks as sick as possible!
Your front legs burn!
The jelly is moderately wounded.
The jelly hits you.
You are splashed with acid!
The phantom misses you.
You hit the jelly.
Your front legs burn!
* * * LOW HITPOINT WARNING * * *
The jelly is severely wounded.
The jelly barely misses you. The phantom completely misses you.
A black bear comes into view.
Unknown command.
The black bear growls angrily.
The jelly misses you. The kobold brigand barely misses you.
Found 9 gold pieces.
You kill the jelly!
The kobold brigand hits you with a +0 whip.
* * * LOW HITPOINT WARNING * * *
Okay, then.
The kobold brigand throws a curare-tipped dart.
The curare-tipped dart closely misses you.
The phantom hits you!
You die...

.#............#
.#.............##
.......$...#....#
...........#...##
#.............##
.#..............#
........#.......#
........#.......#
........#s.......
.......KW.......$
#...#...K.#......
#...##.##.##.....
#.# ## #h.......
#. #........
.........
......... .....#.


You could see a phantom, a black bear, a kobold brigand and a kobold.

Vanquished Creatures
  An ogre (D:5)
  A bullfrog (D:5)
  2 scorpions
  A howler monkey (D:5)
  3 hounds
  A jelly (D:6)
  A centaur skeleton (D:4)
  2 iguanas
  4 gnolls (D:5)
  8 adders
  An ufetubus (D:4)
  A worm (D:2)
  2 dart slugs (D:2)
  5 orcs
  4 ball pythons
  5 endoplasms
  A giant cockroach (D:2)
  5 goblins
  3 hobgoblins
  2 jackals (D:5)
  3 quokkas
  4 bats
  4 frilled lizards
  11 kobolds
  5 rats
80 creatures vanquished.

Notes
Turn   | Place    | Note
-------+----------+-------------------------------------------
     0 | D:1      | ytrimaz the Octopode Transmuter began the quest for the
                  | Orb.
     0 | D:1      | Reached XP level 1. HP: 13/13 MP: 3/3
   382 | D:1      | Reached XP level 2. HP: 15/18 MP: 5/5
   822 | D:2      | Got the Tome of Earthen Summoning
   879 | D:2      | Reached skill level 1 in Stealth
   896 | D:2      | Found a faded altar of an unknown god.
   949 | D:2      | Reached XP level 3. HP: 14/23 MP: 4/6
   952 | D:2      | Learned a level 2 spell: Wereblood
   956 | D:2      | Learned a level 3 spell: Spider Form
  1680 | D:2      | Found a shimmering altar of Xom.
  1798 | D:2      | Found Jyfuimow's Book Boutique.
  2208 | D:3      | Reached skill level 4 in Unarmed Combat
  2777 | D:3      | Reached XP level 4. HP: 28/28 MP: 5/7
  2805 | D:3      | Found a glowing golden altar of the Shining One.
  2805 | D:3      | Found a snail-covered altar of Cheibriados.
  2805 | D:3      | Found a hide-covered altar of Uskayaw.
  3227 | D:4      | Noticed a scorpion
  3230 | D:4      | Found Ihunon's Weapon Boutique.
  3459 | D:4      | Reached XP level 5. HP: 27/33 MP: 6/8
  3626 | D:4      | Reached skill level 1 in Poison Magic
  3685 | D:4      | Noticed a phantom
  4247 | D:4      | Identified the +8 falchion of Red Wine {freeze, rC+++ rN+
                  | Str-4 Dex-3}
  4465 | D:4      | Reached XP level 6. HP: 25/38 MP: 10/10
  5004 | D:5      | Entered Level 5 of the Dungeon
  5035 | D:5      | Reached skill level 5 in Unarmed Combat
  5270 | D:5      | Found a staircase to the Ecumenical Temple.
  5458 | Temple   | Entered the Ecumenical Temple
  5642 | Temple   | Became a worshipper of Ashenzari the Shackled
  5708 | D:5      | Reached XP level 7. HP: 36/43 MP: 9/11
  5854 | D:5      | Found an ancient bone altar of Kikubaaqudgha.
  6318 | D:5      | HP: 3/64 [gnoll (3)]
  6746 | D:6      | Found an iron altar of Okawaru.
  6747 | D:6      | Noticed Menkaure
  6810 | D:6      | Reached skill level 6 in Unarmed Combat
  7204 | D:6      | Slain by a phantom

Illustrated notes

Levels and vault maps discovered:
D:1:      lightli_arrival_flooded_house, layout_loops_cross
D:2:      layout_loops_corners, serial_shops, nicolae_diamond_shop, basic_altar,
          basic_ecumenical_altar, minmay_nonomino_d4
D:3:      layout_basic, gammafunk_temple_overflow_claw,
          kennysheep_generic_room_16
D:4:      layout_layer_cave, serial_shops, nicolae_stop_n_shop_1,
          hangedman_decor_clover_reticule
D:5:      layout_basic, kiku_gazebo_pond_becter, minmay_temple_entry_waves,
          corexii_item_surrounded_by_moat, kennysheep_generic_room_2
D:6:      layout_cave_pools, okawaru_ov_weapons_minmay, pf_just_have_faith,
          uniq_menkaure, uniq_sigmund
Temple:   eino_temple_scatter_basement

Skill      XL: |  1  2  3  4  5  6  7 |
---------------+----------------------+-----
Stealth        | 1 2 3 4 |  4.5
Unarmed Combat | 4 5 6 |  6.2
Poison Magic   | 1 2 |  2.8
Spellcasting   | 3 |  3.4
Transmutations | 3 |  3.2
Fighting       | |  1.0
Dodging        | |  2.0

Action                   |  1- 3 |  4- 6 |  7- 9 || total
-------------------------+-------+-------+-------++-------
Melee: Unarmed           |    66 |    70 |    64 ||   200
       Constrict         |    19 |     7 |     5 ||    31
       Kick              |    14 |     8 |       ||    22
       Tentacles         |     6 |     7 |     3 ||    16
       Punch             |     4 |     1 |     1 ||     6
 Cast: Beastly Appendage |    25 |     8 |     1 ||    34
       Spider Form       |       |     5 |     6 ||    11
       Wereblood         |       |     1 |     4 ||     5
  Use: Scroll            |     4 |     2 |     2 ||     8
       Potion            |       |       |     3 ||     3
 Stab: Sleeping          |     7 |     1 |       ||     8
Armor: Skin              |     2 |     8 |     1 ||    11
Dodge: Dodged            |    40 |    54 |    67 ||   161

Table legend: (Time is in decaauts)
 A = Elapsed time spent in this place.
 B = Non-inter-level travel time spent in this place.
 C = Inter-level travel time spent in this place.
 D = Time resting spent in this place.
 E = Time spent auto-exploring this place.
 F = Levels seen in this place.
 G = Mean time per level.
                   A        B        C        D        E       F      G
               +--------+--------+--------+--------+--------+-----+--------+
         Total |   7204 |   6811 |    393 |    690 |   5202 |   7 | 1029.1 |
       Dungeon |   7007 |   6644 |    363 |    690 |   5052 |   6 | 1167.8 |
        Temple |    197 |    167 |     30 |      0 |    150 |   1 |  197.0 |
               +--------+--------+--------+--------+--------+-----+--------+

Top non-repeatable levels by time:
     D:5: 1816 daAuts
     D:4: 1611 daAuts
     D:2: 1343 daAuts
     D:3: 1282 daAuts
     D:1: 760 daAuts
  Temple: 197 daAuts
     D:6: 193 daAuts
